 Seeded DCSS version 0.30.1-9-gdf580d7c3d (webtiles) character file.

Game seed: 7547814903460644772 (custom seed)

234 Psyclone the Tainter (level 6, -4/49 HPs)
             Began as an Octopode Venom Mage on Sept 27, 2023.
             Slain by Crazy Yiuf
             ... wielding a +4 quarterstaff of chaos
              (11 damage)
             ... on level 3 of the Dungeon.
             The game lasted 00:05:59 (2222 turns).

Psyclone the Tainter (Octopode Venom Mage)          Turns: 2222, Time: 00:05:59

Health: -4/49      AC:  1    Str:  8    XL:     6   Next: 5%
Magic:  14/17      EV: 13    Int: 19    God:
Gold:   138        SH:  0    Dex: 12    Spells: 15/22 levels left

rFire   . . .        a - +4 dagger
rCold   . . .        (no shield)
rNeg    . . .        (helmet restricted)
rPois   .            (no amulet)
rElec   .            (no ring)
rCorr   .            (no ring)
SInv    .            (no ring)
Will    .....        (no ring)
Stlth   +++          (no ring)
HPRegen 0.28/turn    (no ring)
MPRegen 0.15/turn    (no ring)
                     (no ring)

%: no passive effects
@: no status effects
A: almost no armour, amphibious, 8 rings, camouflage 1, gelatinous body 1,
(nimble swimmer 1), tentacles
a: no special abilities


You were on level 3 of the Dungeon.
You visited 1 branch of the dungeon, and saw 3 of its levels.

You collected 138 gold pieces.

Inventory:

Hand Weapons
 a - a +4 dagger (weapon)
Scrolls
 b - a scroll of identify {unknown}
 e - a scroll of magic mapping {unknown}
 i - a scroll of enchant weapon {unknown}
 k - a scroll of vulnerability {unknown}
 l - a scroll of teleportation {unknown}
 m - a scroll of immolation {unknown}
 n - a scroll of poison {unknown}
Potions
 c - a potion of haste {unknown}
 d - a potion of magic
 f - a potion of degeneration {unknown}
 g - 2 potions of might {unknown}
 h - a potion of cancellation {unknown}
 j - a potion of brilliance {unknown}
 o - a potion of flight {unknown}


   Skills:
 - Level 7.3 Fighting
 - Level 2.0 Dodging
 - Level 2.6 Stealth
 - Level 8.6 Spellcasting
 - Level 1.0 Transmutations
 + Level 10.4 Poison Magic


You had 15 spell levels left.
You knew the following spells:

 Your Spells              Type           Power      Damage    Failure   Level
a - Poisonous Vapours     Pois/Air       56%        N/A       1%          2
v - Sting                 Tmut/Pois      100%       1d8       1%          1
x - Olgreb's Toxic Radia  Pois           48%        N/A       1%          4

Your spell library contained the following spells:

 Spells                   Type           Power      Damage    Failure   Level
 Mephitic Cloud           Conj/Pois/Air  21%        N/A       6%          3
 Blink                    Tloc           16%        N/A       13%         2
 Lesser Beckoning         Tloc           16%        N/A       13%         2
 Gell's Gravitas          Tloc           8%         N/A       26%         3
 Teleport Other           Tloc           8%         N/A       26%         3
 Manifold Assault         Tloc           8%         N/A       63%         4
 Freezing Cloud           Conj/Ice/Air   4%         6-21      93%         5
 Storm Form               Tmut/Air       5%         N/A       100%        7


Dungeon Overview and Level Annotations

Branches:
Dungeon (3/15) Zot: 15779

Altars:
Wu Jian

Annotations:
D:3 Crazy Yiuf


Innate Abilities, Weirdness & Mutations

You cannot wear most types of armour.
You are amphibious.
You can wear up to eight rings at the same time.
Your skin changes colour to match your surroundings (Stealth+).
Your rubbery body absorbs attacks. (AC +1, EV +1)
((You are camouflaged when in or above water. (Stealth+)))
You have tentacles for arms and can constrict up to eight enemies at once.


Message History

The cerulean imp hits you but does no damage.
The cerulean imp closely misses you.
The cerulean imp disappears in a puff of smoke! x2
You feel a bit more experienced.
You have reached level 6!
Health restored: 49 You now have 138 gold pieces (gained 12).
Found a stone staircase leading up.
MP restored: 17
There is a stone staircase leading up here.
Found a hammer.
Found a runed translucent door.
Crazy Yiuf shouts!
Crazy Yiuf says, "Buddy!"
You open the door.
Casting: Poisonous Vapours (safe; 1% risk of failure)
Confirm with . or Enter, or press ? or * to list all spells.
Aiming: Poisonous Vapours (safe; 1% risk of failure)
Press: ? - help, Dir - move target, f - Crazy Yiuf
Aim: Crazy Yiuf, wielding a +4 quarterstaff of chaos and wearing a +0 cloak Poisonous vapours surround Crazy Yiuf!
Crazy Yiuf is poisoned.
Crazy Yiuf hits you with a +4 quarterstaff of chaos!
You take 14 damage, and have 35/49 hp.
MASSIVE DAMAGE!!
You now have 15/17 mp.
Casting: Poisonous Vapours (safe; 1% risk of failure)
Confirm with . or Enter, or press ? or * to list all spells.
Aiming: Poisonous Vapours (safe; 1% risk of failure)
Press: ? - help, Dir - move target, f/p - Crazy Yiuf
Aim: Crazy Yiuf, wielding a +4 quarterstaff of chaos and wearing a +0 cloak (very poisoned) Poisonous vapours surround Crazy Yiuf!
Crazy Yiuf looks as sick as possible!
Crazy Yiuf hits you with a +4 quarterstaff of chaos!
Crazy Yiuf burns you.
* * * LOW HITPOINT WARNING * * *
You take 21 damage, and have 14/49 hp.
MASSIVE DAMAGE!!
You now have 13/17 mp.
Crazy Yiuf attacks as you move away!
Crazy Yiuf hits you with a +4 quarterstaff of chaos!
* * * LOW HITPOINT WARNING * * *
Crazy Yiuf screams, "Two senile Hive!"
You take 9 damage, and have 6/49 hp.
Crazy Yiuf attacks as you move away!
Crazy Yiuf hits you with a +4 quarterstaff of chaos!
You die...

.## ..# #.# ..#
#.### ....#
♣♣♣♣♣### #####
### ♣♣♣.♣....## #
#...#♣..♣g.P...##
#
#...'.♣♣♣♣@.....#
#)..#♣♣ ♣♣P....#
### ♣♣##..# .
#.## .. #.# #.#
####.# ...
#####....# .
#......### ### ##
#.###..#


You could see Crazy Yiuf (very poisoned).

Vanquished Creatures
  Jessica (D:2)
  Natasha (D:3)
  2 adders (D:2)
  3 worms
  A dart slug (D:3)
  An orc (D:3)
  3 ball pythons
  4 bats
  3 endoplasms
  6 goblins
  7 hobgoblins
  3 jackals (D:2)
  2 quokkas (D:2)
  3 frilled lizards
  4 kobolds
  2 rats (D:1)
46 creatures vanquished.

Notes
Turn   | Place    | Note
-------+----------+-------------------------------------------
     0 | D:1      | Psyclone the Octopode Venom Mage began the quest for the
                  | Orb.
     0 | D:1      | Reached XP level 1. HP: 11/11 MP: 3/3
    38 | D:1      | Found a faded altar of an unknown god.
   134 | D:1      | Reached skill level 4 in Poison Magic
   266 | D:1      | Reached XP level 2. HP: 17/17 MP: 1/5
   312 | D:1      | Learned a level 2 spell: Poisonous Vapours
   896 | D:2      | Reached skill level 5 in Poison Magic
   896 | D:2      | Reached XP level 3. HP: 21/21 MP: 0/6
   952 | D:2      | Reached skill level 10 in Poison Magic
   952 | D:2      | Reached XP level 4. HP: 27/27 MP: 7/13
   953 | D:2      | Reached XP level 5. HP: 43/43 MP: 8/16
  1042 | D:2      | Noticed Jessica
  1050 | D:2      | Killed Jessica
  1153 | D:2      | Learned a level 4 spell: Olgreb's Toxic Radiance
  2047 | D:3      | Found an ornate altar of the Wu Jian Council.
  2110 | D:3      | Noticed Natasha
  2121 | D:3      | Killed Natasha
  2122 | D:3      | Reached XP level 6. HP: 49/49 MP: 10/17
  2210 | D:3      | Found a runed translucent door.
  2211 | D:3      | Noticed Crazy Yiuf
  2222 | D:3      | Slain by Crazy Yiuf

Illustrated notes

Levels and vault maps discovered:
D:1:      lordsloth_arrival_two_stooges, layout_basic,
          chequers_ecumenical_altar_simple
D:2:      layout_loops_ring, uniq_jessica
D:3:      layout_loops_cross, ashenzari_conservatory_becter,
          nzn_wu_jian_council_hall, chequers_serial_rivers_room_a,
          grunt_decor_cap, hangedman_abyss_or_decor_lesser_grid,
          hangedman_decor_peaks_small, minmay_gold_behind_fungi, uniq_natasha,
          uniq_crazy_yiuf_cottage

Skill      XL: |  1  2  3  4 |
---------------+-------------+-----
Poison Magic   | 4 5 10 | 10.4
Spellcasting   | 7 8 |  8.6
Fighting       | 7 |  7.3
Dodging        | |  2.0
Stealth        | |  2.6
Transmutations | |  1.0

Action                     |  1- 3 |  4- 6 || total
---------------------------+-------+-------++-------
  Melee: Unarmed           |    13 |       ||    13
         Tentacles         |     5 |     8 ||    13
         Constrict         |     4 |     6 ||    10
         Dagger            |     7 |    28 ||    35
   Cast: Sting             |    12 |       ||    12
         Poisonous Vapours |    12 |    27 ||    39
         Olgreb's Toxic Ra |       |     2 ||     2
    Use: Potion            |     1 |     1 ||     2
   Stab: Sleeping          |     1 |     1 ||     2
 Armour: Skin              |     2 |     2 ||     4
  Dodge: Dodged            |    39 |    15 ||    54
